 Dungeon Crawl Stone Soup version 0.21.1-1-g345015f (webtiles) character file.

2758 nicolaieve the Cleaver (level 9, 0/78 HPs)
             Began as a Minotaur Berserker on July 6, 2018.
             Was an Elder of Trog.
             Slain by a warg (12 damage)
             ... on level 8 of the Dungeon.
             The game lasted 00:17:18 (4271 turns).

nicolaieve the Cleaver (Minotaur Berserker)         Turns: 4271, Time: 00:17:19

Health: 0/78       AC:  6    Str: 24    XL:     9   Next: 41%
Magic:  8/8        EV:  8    Int:  4    God:    Trog [****..]
Gold:   245        SH:  5    Dex: 11    Spells: 8/8 levels left

rFire    . . .     SeeInvis .   a - +0 hand axe
rCold    . . .     Gourm    .   m - +0 buckler
rNeg     . . .     Faith    .   v - +0 plate armour
rPois    .         Spirit   .   (helmet restricted)
rElec    .         Reflect  .   (no cloak)
rCorr    .         Harm     .   B - +0 pair of gloves (curse)
MR       ++...                  (no boots)
Stlth    ..........             (no amulet)
HPRegen  1.23/turn              (no ring)
MPRegen  0.11/turn              (no ring)

@: corroded, berserk cooldown, regenerating, slowed, very slow
A: retaliatory headbutt, horns 2
a: Berserk, Trog's Hand, Brothers in Arms, Burn Spellbooks, Renounce Religion


You were on level 8 of the Dungeon.
You worshipped Trog.
Trog was greatly pleased with you.
You were very hungry.

You visited 1 branch of the dungeon, and saw 8 of its levels.

You collected 245 gold pieces.

Inventory:

Hand Weapons
 a - a +0 hand axe (weapon)
 w - a +0 war axe
Armour
 m - a +0 buckler (worn)
 v - a +0 plate armour (worn)
 B - a cursed +0 pair of gloves (worn)
Jewellery
 u - a +4 ring of intelligence {unknown}
Wands
 y - a wand of random effects (58)
Scrolls
 b - a scroll of noise {unknown}
 d - a scroll of random uselessness {unknown}
 e - 4 scrolls of fog {unknown}
 g - a scroll of magic mapping {unknown}
 i - 2 scrolls of identify
 j - 2 scrolls of remove curse {unknown}
 k - a scroll of amnesia {unknown}
 n - a scroll of teleportation {unknown}
 p - a scroll of enchant armour {unknown}
 q - 5 scrolls of enchant weapon {unknown}
Potions
 f - 4 potions of mutation
 h - a potion of agility
 l - 4 potions of haste
 o - a potion of degeneration
 r - a potion of berserk rage {unknown}
 s - 2 potions of curing
 t - a potion of cancellation {unknown}
 x - a potion of brilliance
 C - a potion of lignification {unknown}
 D - a potion of heal wounds {unknown}
Books
 A - a book of Clouds

   Spells                             Type                      Level
   a - Poisonous Vapours              Poison/Air                   2
   b - Mephitic Cloud                 Conjuration/Poison/Air       3
   c - Conjure Flame                  Conjuration/Fire             3
   d - Freezing Cloud                 Conjuration/Ice/Air          6
   e - Ring of Flames                 Charms/Fire                  7
   Trog disapproves of the use of such an item.
 E - a book of Minor Magic

   Spells                             Type                      Level
   a - Magic Dart                     Conjuration                  1
   b - Blink                          Translocation                2
   c - Call Imp                       Summoning                    2
   d - Slow                           Hexes                        2
   e - Conjure Flame                  Conjuration/Fire             3
   f - Mephitic Cloud                 Conjuration/Poison/Air       3
   Trog disapproves of the use of such an item.
Comestibles
 c - 9 rations
 z - 7 chunks of flesh


   Skills:
 + Level 6.5 Fighting
 * Level 12.1 Axes
 + Level 6.5 Armour
 - Level 2.1 Dodging
 * Level 5.4 Shields


You had 8 spell levels left.
You didn't know any spells.

Dungeon Overview and Level Annotations

Branches:
Dungeon (8/15)             Temple (0/1) D:5
   Lair: D:8-11

Altars:
Wu Jian

Shops:
D:5 :


Innate Abilities, Weirdness & Mutations

You reflexively headbutt those who attack you in melee.
You have a pair of horns on your head.


Message History

You hit the warg but do no damage. You headbutt the warg.
The warg is moderately wounded.
The warg barely misses you.
Unknown command.
You hit the warg but do no damage.
The warg is moderately wounded.
The warg closely misses you. The warg bites you but does no damage.
Unknown command.
You hit the warg but do no damage.
The warg is moderately wounded.
The warg bites you but does no damage.
Unknown command.
You hit the warg but do no damage.
The warg is moderately wounded.
You feel the effects of Trog's Hand fading.
The warg bites you but does no damage.
You slash the warg!
The warg is heavily wounded.
The warg bites you!
You die...

#............#........#
#............#........#
#...[........#........#
#+#####....###..###...#
##..####....####'####'####
#.<.........#.....#......#
#..^........#.....#......#
#...........#.....#......#
#...####....##@#..#>....##
###...####....##h##########
#............%%...#
#.)...............#
+.................#
###)...###....##.##
###....###########
.......+.......#
.......#...)...#


You could see a warg.

Vanquished Creatures
  The ghost of Monsterracer the Cudgeler, a novice FoSk (D:6)
  A hungry ghost (D:7)
  A warg (D:8)
  A water moccasin (D:5)
  2 orc warriors
  An ice beast (D:5)
  2 sky beasts
  A phantom (D:7)
  3 ogres
  3 centaurs
  3 bullfrogs (D:7)
  2 crimson imps (D:5)
  3 hounds
  4 jellies
  5 orc wizards
  A centaur skeleton (D:7)
  3 worker ants
  A killer bee zombie (D:7)
  A hound skeleton (D:5)
  A worker ant zombie (D:6)
  4 adders
  2 shadow imps
  An ooze (D:5)
  An adder zombie (D:7)
  2 worms
  2 dart slugs
  3 leopard geckos
  18 orcs
  A ball python (D:3)
  8 bats
  6 giant cockroaches
  4 goblins
  5 hobgoblins
  15 jackals
  7 kobolds
  6 quokkas
  5 frilled lizards
  A quokka skeleton (D:7)
  5 rats
136 creatures vanquished.

Vanquished Creatures (others)
  6 toadstools (D:3)
6 creatures vanquished.

Grand Total: 142 creatures vanquished

Notes
Turn   | Place    | Note
-------+----------+-------------------------------------------
     0 | D:1      | nicolaieve the Minotaur Berserker began the quest for the Orb.
     0 | D:1      | Reached XP level 1. HP: 19/19 MP: 0/0
    77 | D:1      | Reached skill level 4 in Axes
    84 | D:1      | Reached XP level 2. HP: 23/27 MP: 1/1
   714 | D:2      | Reached XP level 3. HP: 25/33 MP: 2/2
   838 | D:2      | Reached ** piety under Trog
   990 | D:2      | Reached skill level 1 in Shields
  1171 | D:3      | Reached skill level 5 in Axes
  1171 | D:3      | Reached XP level 4. HP: 33/41 MP: 3/3
  1556 | D:4      | Noticed an ogre
  1563 | D:4      | Killed an ogre
  1563 | D:4      | Reached skill level 6 in Axes
  1563 | D:4      | Reached XP level 5. HP: 43/47 MP: 4/4
  1774 | D:4      | Found an ornate altar of the Wu Jian Council.
  1848 | D:5      | Entered Level 5 of the Dungeon
  1862 | D:5      | Noticed an ice beast
  1873 | D:5      | Killed an ice beast
  1873 | D:5      | Reached *** piety under Trog
  1873 | D:5      | Reached skill level 7 in Axes
  1873 | D:5      | Reached XP level 6. HP: 55/55 MP: 5/5
  1933 | D:5      | Reached skill level 5 in Fighting
  2121 | D:5      | Reached XP level 7. HP: 56/61 MP: 6/6
  2144 | D:5      | Reached skill level 8 in Axes
  2335 | D:5      | Found a staircase to the Ecumenical Temple.
  2555 | D:5      | Found Cybec's Book Emporium.
  2860 | D:6      | Reached skill level 9 in Axes
  2900 | D:6      | Reached XP level 8. HP: 69/69 MP: 7/7
  3016 | D:6      | Noticed Monsterracer's ghost (novice FoSk)
  3042 | D:6      | Killed Monsterracer's ghost
  3042 | D:6      | Reached skill level 10 in Axes
  3042 | D:6      | Reached skill level 5 in Armour
  3616 | D:7      | Reached skill level 11 in Axes
  3734 | D:7      | Reached XP level 9. HP: 75/75 MP: 8/8
  3886 | D:7      | Reached skill level 5 in Shields
  4081 | D:8      | Reached **** piety under Trog
  4176 | D:8      | Reached skill level 12 in Axes
  4249 | D:8      | HP: 1/117 [warg (7)]
  4271 | D:8      | Slain by a warg

Skill      XL: |  1  2  3  4  5  6  7  8  9 |
---------------+----------------------------+-----
Axes           | 4 5 6 7 9 11 12 | 12.1
Fighting       | 4 5 6 |  6.5
Shields        | 1 2 3 4 5 |  5.4
Armour         | 3 4 6 |  6.5
Dodging        | |  2.1

Action                   |  1- 3 |  4- 6 |  7- 9 || total
-------------------------+-------+-------+-------++-------
Melee: Hand axe          |    94 |    87 |   222 ||   403
       Headbutt          |    11 |    24 |    57 ||    92
Invok: Berserk           |     1 |     1 |     4 ||     6
       Trog's Hand       |       |       |     1 ||     1
  Use: Scroll            |       |       |     6 ||     6
       Potion            |       |       |     1 ||     1
  Eat: Chunk             |     2 |     4 |    12 ||    18
Armor: Animal skin       |    13 |       |       ||    13
       Scale mail        |    28 |    10 |       ||    38
       Plate armour      |       |    41 |    91 ||   132
Dodge: Dodged            |    69 |    26 |    54 ||   149
Block: Buckler           |    11 |    15 |    27 ||    53
